 Dungeon Crawl Stone Soup version bcrawl-1.12-8-g964540c432 (webtiles) character file.

Game seed: 7554594688832447380

7131 MisterOstroum the Slicer (level 10, -4/85 HPs)
             Began as a Demonspawn Archaeologist on June 3, 2019.
             Was an Elder of Dithmenos.
             Slain by a white ugly thing (13 damage)
             ... on level 9 of the Dungeon.
             The game lasted 00:21:37 (10342 turns).

MisterOstroum the Slicer (DsAc)                    Turns: 10342, Time: 00:21:38

Health: -4/85      AC: 14    Str: 13    XL:     10   Next: 85%
Magic:  10/10      EV: 16    Int: 16    God:    Dithmenos [****..]
Gold:   302        SH:  0    Dex: 20    Spells: 9/9 levels left

rFire    . . .     SeeInvis .   a - +7 captain's cutlass {speed, disarm}
rCold    . . .     Gourm    .   (no shield)
rNeg     + . .     Faith    .   h - +2 robe {MR+}
rPois    .         Spirit   .   H - +1 hat
rElec    .         Reflect  .   B - +0 cloak
rCorr    .         Harm     .   k - +2 pair of gloves {Dex+3}
MR       +....                  c - +1 pair of boots
Stlth    ++++++....             (no amulet)
HPRegen  0.24/turn              q - ring of positive energy
MPRegen  0.12/turn              J - +4 ring of dexterity

@: wreathed by umbra
A: horns 1, rugged brown scales 3, demonic guardian 1, spiny 1
a: Shadow Step, Renounce Religion


You were on level 9 of the Dungeon.
You worshipped Dithmenos.
Dithmenos was greatly pleased with you.
You were not hungry.

You visited 2 branches of the dungeon, and saw 11 of its levels.
You also visited: Sewer and Ossuary.

You collected 538 gold pieces.
You spent 236 gold pieces at shops.

Inventory:

Hand Weapons
 a - the +7 captain's cutlass (weapon) {speed, disarm} Attacks with this weapon are significantly faster.
 b - a +0 hunting sling
 S - the +3 long sword of Terror {slice, *Noise +Blink rPois Int+8, unknown}
   (You found it on level 9 of the Dungeon)

   It inflicts extra damage upon your enemies.
   It affects your intelligence (+8).
   It protects you from poison.
   It lets you blink.
   It may make noises in combat.
Missiles
 f - 144 tomahawks
 j - 1057 stones (quivered)
 G - 530 sling bullets
 I - a throwing net {!f!f}
Armour
 c - a +1 pair of boots (worn)
 g - a scarf of cloud immunity
 h - a +2 robe of magic resistance (worn)
 k - a +2 pair of gloves of dexterity (worn)
 B - a +0 cloak (worn)
 H - a +1 hat (worn)
 M - a scarf of cloud immunity
 U - the +2 leather armour of Sutrica {+Inv +Fly Regen+ Dex+4}
   (You found it on level 10 of the Dungeon)

   It affects your dexterity (+4).
   It lets you turn invisible.
   It lets you fly.
   It increases your rate of regeneration.
Jewellery
 q - a ring of positive energy (left hand)
 J - a +4 ring of dexterity (right hand)
 O - an uncursed amulet of guardian spirit {unknown}
Wands
 E - a wand of polymorph (18)
 P - a wand of random effects (5)
 Q - a wand of paralysis (9)
 T - a wand of scattershot (5)
Scrolls
 d - 2 scrolls of fog {unknown}
 i - 4 scrolls of fear {unknown}
 u - 5 scrolls of identify {@r1}
 v - 4 scrolls of amnesia
 x - 6 scrolls of remove curse {@r2}
 y - 2 scrolls of noise {unknown}
 z - 5 scrolls of immolation {unknown}
 A - 5 scrolls of teleportation {unknown}
 D - a scroll of summoning {unknown}
 K - a scroll of enchant weapon {unknown}
 L - a scroll of blinking {unknown}
 R - a scroll of magic mapping {@r5 !r}
Potions
 l - 2 potions of brilliance {unknown}
 m - a potion of berserk rage {unknown}
 n - 6 potions of agility {unknown}
 o - 7 potions of curing {unknown}
 p - 2 potions of resistance {unknown}
 r - a potion of cancellation {unknown}
 s - 6 potions of heal wounds {@q2 !q}
 t - 2 potions of lignification {unknown}
 w - 5 potions of flight
 C - 3 potions of degeneration {unknown}
 F - 2 potions of haste {@q4 !q}
Comestibles
 e - 21 rations {!d}
 N - 5 chunks of flesh


   Skills:
 + Level 8.3 Fighting
 * Level 11.6 Short Blades
 + Level 5.6 Dodging
 + Level 7.0 Stealth


You had 9 spell levels left.
You didn't know any spells.
Your spell library was empty.

Dungeon Overview and Level Annotations

Branches:
Dungeon (10/12)            Temple (1/1) D:4            Lair (0/6) D:8
    Orc (0/1) D:8

Altars:
Ashenzari
Cheibriados
Dithmenos
Elyvilon
Fedhas
Gozag
Hepliaklqana
Kikubaaqudgha
Lugonu
Makhleb
Nemelex Xobeh
Okawaru
Qazlal
Ru
Sif Muna
Trog
Uskayaw
Vehumet
Wu Jian
Xom
Yredelemnul
Zin
The Shining One

Shops:
D:5 [

Annotations:
D:2 1 runed door


Innate Abilities, Weirdness & Mutations

You have a pair of small horns on your head.
You are completely covered in rugged brown scales. (AC +3, +7% HP)
A weak demonic guardian rushes to your aid.
You are partially covered in sharp spines.


Message History

The redback zombie is struck by your spines.
The redback zombie bites you.
You puncture the redback zombie!
The redback zombie is moderately damaged.
You puncture the redback zombie! You headbutt the redback zombie.
The redback zombie is moderately damaged.
The redback zombie is struck by your spines.
The redback zombie bites you!
You hit the redback zombie. You headbutt the redback zombie.
The redback zombie is heavily damaged.
You hit the redback zombie. You headbutt the redback zombie.
The redback zombie is severely damaged.
The redback zombie is struck by your spines.
The redback zombie closely misses you.
You hit the redback zombie.
The redback zombie is severely damaged.
Your quasit bites the redback zombie.
Your quasit claws the redback zombie.
Your quasit barely misses the redback zombie.
The redback zombie is struck by your spines.
The redback zombie bites you.
You puncture the redback zombie!
You destroy the redback zombie!
Dithmenos accepts your kill.
No target in view!
A yak comes into view.
You see here a book of Geomancy.
A yak comes into view.
A yak comes into view.
A cyclops comes into view.
The yak bellows! x3
The cyclops throws a large rock.
The large rock barely misses you.
Found a sharpened silver wand.
The yak gores you.
Your quasit disappears in a puff of smoke!
The cyclops throws a large rock.
The large rock closely misses you.
Your shadow imp hits the yak but does no damage.
Your shadow imp barely misses the yak.
Your shadow imp gestures at the yak.
The yak writhes in agony.
Your shadow imp hits the yak.
You see here a book of Geomancy.
You hit the yak.
The yak is lightly wounded.
You puncture the yak!
The yak is moderately wounded.
You puncture the yak! You headbutt the yak.
The yak is severely wounded.
The yak is struck by your spines. The yak misses you.
You puncture the yak!
You kill the yak!
Dithmenos accepts your kill.
Your Stealth skill increases to level 7!
You impale the yak!!
The yak is heavily wounded.
You puncture the yak! You headbutt the yak.
The yak is almost dead.
An ogre comes into view. It is wielding a +0 giant spiked club.
The yak is struck by your spines. The yak gores you but does no damage.
You barely miss the yak. You headbutt the yak.
The yak is almost dead.
You puncture the yak!
You kill the yak!
Dithmenos accepts your kill.
You hit the yak. You headbutt the yak.
The yak is lightly wounded.
The cyclops throws a large rock.
The large rock hits your shadow imp but does no damage.
The yak is struck by your spines. The yak misses you.
You hit the yak. You headbutt the yak, but do no damage.
The yak is heavily wounded.
Your shadow imp barely misses the yak.
You barely miss the yak. Your headbutt misses the yak.
The yak is heavily wounded.
You hit the yak.
The yak is heavily wounded.
The yak barely misses you.
Your shadow imp hits the yak.
The cyclops throws a large rock.
The large rock closely misses your shadow imp.
The large rock hits you!!
You are too injured to fight recklessly!
You are too injured to fight recklessly!
Your shadow imp closely misses the yak.
Your white imp hits the yak but does no damage.
A white ugly thing comes into view.
The yak gores your white imp!
Your white imp dies!
Your shadow imp barely misses the yak.
The yak gores your shadow imp!
Your shadow imp dies!
There is a stone staircase leading up here.
The white ugly thing is struck by your spines.
The white ugly thing headbutts you! The white ugly thing freezes you!!
* * * LOW HITPOINT WARNING * * *
You climb upwards.
There is a stone staircase leading down here.
The white ugly thing barely misses you. The white ugly thing headbutts you!
* * * LOW HITPOINT WARNING * * *
The white ugly thing freezes you!
You die...

..............'.........).....).#
########...####.........####....#
##.## ##.......## ##.#..
##.#######>....## ####. #......#
##...## #. #..###.# #.....# #.
#..# #.# #.#.#.# #.
#..###.###.#.#.# #.
#........@...#.# #.
#.####.###u..[.# #. #.####.#
#.....# #. #......# #.>..[#### #.
######## ##.#.[)..#######.
#...#........... ##.##...########
#<###### #.#


You could see a white ugly thing.

Vanquished Creatures
  A redback zombie (D:10)
  4 trolls
  A hornet (D:9)
  3 hippogriffs
  A shadow (D:9)
  2 yaks (D:10)
  A hungry ghost (D:7)
  A steam dragon (D:8)
  Menkaure (D:6)
  A water moccasin (D:8)
  An orc warrior (D:7)
  A hornet zombie (D:8)
  An ice beast (D:8)
  A black bear (D:6)
  A sky beast (D:3)
  3 ogres (D:9)
  3 phantoms
  A wolf (D:8)
  2 big kobolds
  8 bullfrogs
  2 water moccasin zombies (Ossuary)
  2 scorpions
  9 killer bees
  5 wights (D:9)
  An electric eel (D:8)
  6 howler monkeys
  4 crimson imps
  A bullfrog zombie (D:6)
  13 hounds
  A jelly (D:8)
  An orc wizard (D:5)
  2 orc priests
  A human zombie (D:5)
  6 iguanas
  2 bullfrog skeletons
  Ijyb (D:5)
  6 worker ants
  4 big kobold zombies (Ossuary)
  A hound zombie (D:9)
  A hound skeleton (D:6)
  2 mummies (Ossuary)
  A howler monkey zombie (D:6)
  2 worker ant zombies (D:9)
  A gnoll (D:6)
  6 adders
  A river rat (Sewer)
  2 shadow imps
  2 oozes (D:5)
  2 worm zombies (D:5)
  An adder skeleton (D:6)
  4 adder zombies (Ossuary)
  5 worms
  5 dart slugs
  9 leopard geckos
  22 orcs
  5 bats
  5 giant cockroaches
  2 gnoll zombies (Ossuary)
  4 goblins
  4 hobgoblins
  4 jackals
  2 quokkas
  A ball python (D:2)
  2 frilled lizards
  5 hobgoblin zombies (Ossuary)
  15 kobolds
  9 kobold zombies (Ossuary)
  An orc zombie (Ossuary)
  9 rats
240 creatures vanquished.

Vanquished Creatures (collateral kills)
  Sigmund (D:2)
  2 bullfrogs
  A water moccasin zombie (Ossuary)
  A crimson imp (D:7)
  A hound (D:8)
  An orc wizard (D:7)
  3 gnolls (D:6)
  An adder (D:6)
  An orc (D:8)
  A hobgoblin zombie (Ossuary)
13 creatures vanquished.

Grand Total: 253 creatures vanquished

Notes
Turn   | Place    | Note
-------+----------+-------------------------------------------
     0 | D:1      | MisterOstroum the Demonspawn Archaeologist began the quest
                  | for the Orb.
     0 | D:1      | Reached XP level 1. HP: 15/15 MP: 1/1
   153 | D:1      | Gained mutation: A weak demonic guardian rushes to your
                  | aid. [demonic ancestry]
   153 | D:1      | Reached XP level 2. HP: 22/22 MP: 2/2
   608 | D:1      | Gained mutation: You have a pair of small horns on your
                  | head. [demonic ancestry]
   608 | D:1      | Reached XP level 3. HP: 29/29 MP: 3/3
   762 | D:1      | Reached skill level 1 in Short Blades
  1396 | D:2      | Noticed Sigmund
  1496 | D:2      | Killed Sigmund
  1496 | D:2      | Reached skill level 4 in Short Blades
  1496 | D:2      | Reached XP level 4. HP: 11/35 MP: 4/4
  2196 | D:2      | Gained mutation: You are partially covered in rugged brown
                  | scales. (AC +1, +3% HP) [demonic ancestry]
  2196 | D:2      | Reached XP level 5. HP: 29/42 MP: 5/5
  2321 | D:2      | Found a runed door.
  2386 | D:2      | Found a sacrificial altar of Ru.
  2582 | D:2      | Found a deep blue altar of Sif Muna.
  2950 | D:3      | Noticed a sky beast
  2965 | D:3      | Killed a sky beast
  2965 | D:3      | Reached skill level 5 in Short Blades
  3137 | D:3      | Reached skill level 6 in Short Blades
  3666 | D:3      | Gained mutation: You are mostly covered in rugged brown
                  | scales. (AC +2, +5% HP) [demonic ancestry]
  3666 | D:3      | Reached XP level 6. HP: 41/49 MP: 6/6
  3984 | D:4      | Found a glowing drain.
  3988 | Sewer    | Entered a sewer
  4107 | Sewer    | Found a white marble altar of Elyvilon.
  4388 | D:4      | Reached skill level 7 in Short Blades
  4520 | D:4      | Found a staircase to the Ecumenical Temple.
  4632 | Temple   | Entered the Ecumenical Temple
  4881 | Temple   | Became a worshipper of Dithmenos the Shadowed
  4945 | D:5      | Entered Level 5 of the Dungeon
  4949 | D:5      | Found a hide-covered altar of Uskayaw.
  5006 | D:5      | Found a sand-covered staircase.
  5017 | D:5      | Gained mutation: You are completely covered in rugged brown
                  | scales. (AC +3, +7% HP) [demonic ancestry]
  5017 | D:5      | Reached XP level 7. HP: 49/56 MP: 7/7
  5031 | Ossuary  | Entered an ossuary
  5096 | Ossuary  | Reached * piety under Dithmenos
  5367 | D:5      | Noticed Ijyb
  5395 | D:5      | Killed Ijyb
  5428 | D:5      | Found Naism's Armour Shop.
  5436 | D:5      | Bought a +2 pair of gloves of dexterity for 236 gold pieces
  5648 | D:5      | Reached skill level 8 in Short Blades
  5648 | D:5      | Reached XP level 8. HP: 65/65 MP: 8/8
  5786 | D:5      | Reached ** piety under Dithmenos
  6056 | D:6      | Noticed Menkaure
  6069 | D:6      | Killed Menkaure
  6069 | D:6      | Reached skill level 5 in Fighting
  6232 | D:6      | Got a twisted falchion
  6233 | D:6      | Identified the cursed +2 falchion "Kitiyll" {freeze, rC+}
                  | (You found it on level 6 of the Dungeon)
  6281 | D:6      | Reached skill level 5 in Stealth
  6963 | D:6      | Reached skill level 9 in Short Blades
  7150 | D:7      | Noticed a troll
  7152 | D:7      | Reached XP level 9. HP: 73/73 MP: 9/9
  7176 | D:7      | Killed a troll
  7431 | D:7      | Noticed a troll
  7443 | D:7      | Killed a troll
  7537 | D:7      | Noticed a troll
  7557 | D:7      | Killed a troll
  7557 | D:7      | Reached skill level 10 in Short Blades
  8041 | D:8      | Reached *** piety under Dithmenos
  8094 | D:8      | Noticed a troll
  8100 | D:8      | Killed a troll
  8380 | D:8      | Found a burning altar of Makhleb.
  8432 | D:8      | Gained mutation: You are partially covered in sharp spines.
                  | [demonic ancestry]
  8432 | D:8      | Reached XP level 10. HP: 62/84 MP: 10/10
  8579 | D:8      | Found a corrupted altar of Lugonu.
  8609 | D:8      | Found a staircase to the Lair.
  8637 | D:8      | Found a staircase to the Orcish Mines.
  8909 | D:9      | Found a white marble altar of Elyvilon.
  9125 | D:9      | Reached skill level 11 in Short Blades
  9306 | D:9      | Reached **** piety under Dithmenos
  9401 | D:9      | Reached skill level 5 in Dodging
 10032 | D:9      | Got a shimmering long sword
 10093 | D:10     | Entered Level 10 of the Dungeon
 10113 | D:10     | Noticed a cyclops
 10184 | D:10     | Got a faintly humming leather armour
 10195 | D:10     | Identified the +2 leather armour of Sutrica {+Inv +Fly
                  | Regen+ Dex+4} (You found it on level 10 of the Dungeon)
 10305 | D:10     | Noticed a cyclops
 10326 | D:10     | Noticed a white ugly thing
 10342 | D:9      | Slain by a white ugly thing

Skill      XL: |  1  2  3  4  5  6  7  8  9 10 |
---------------+-------------------------------+-----
Fighting       | 2 3 4 5 7 8 |  8.3
Short Blades   | 4 6 7 8 9 10 11 | 11.6
Stealth        | 4 5 6 7 |  7.0
Dodging        | 4 5 |  5.6

Action                   |  1- 3 |  4- 6 |  7- 9 | 10-12 || total
-------------------------+-------+-------+-------+-------++-------
Melee: Spear             |   165 |   180 |       |       ||   345
       Headbutt          |     6 |    26 |    59 |    39 ||   130
       Cutlass           |       |    68 |   342 |   174 ||   584
Throw: Stone             |    39 |   109 |   131 |    65 ||   344
       Tomahawk          |     7 |     7 |       |       ||    14
  Use: Potion            |       |     3 |       |       ||     3
       Scroll            |       |     2 |     2 |       ||     4
 Stab: Sleeping          |     1 |       |     8 |     9 ||    18
       Distracted        |       |     1 |     2 |     2 ||     5
  Eat: Ration            |     1 |       |     1 |       ||     2
       Chunk             |       |     9 |    10 |     6 ||    25
Armor: Robe              |    33 |    10 |    72 |    21 ||   136
       Plate armour      |    40 |   112 |       |       ||   152
Dodge: Dodged            |    73 |    46 |   148 |    76 ||   343
